 Dungeon Crawl Stone Soup version 0.19.1 (webtiles) character file.

277 Peloso the Slasher (level 6, 0/48 HPs)
             Began as a Demonspawn Fighter on Dec 24, 2016.
             Slain by Edmund
             ... wielding a +0 dire flail of pain
              (1 damage)
             ... on level 4 of the Dungeon.
             The game lasted 00:05:35 (2790 turns).

Peloso the Slasher (Demonspawn Fighter)             Turns: 2790, Time: 00:05:37

Health: 0/48       AC:  9    Str: 24    XL:     6   Next: 4%
Magic:  6/6        EV:  8    Int:  9    God:
Gold:   191        SH: 10    Dex: 12    Spells: 0 memorised, 5 levels left

rFire  . . .     SeeInvis .     a - +0 long sword
rCold  . . .     Gourm    .     l - +0 chain mail
rNeg   . . .     Faith    .     c - +0 shield
rPois  .         Spirit   .     (helmet restricted)
rElec  .         Reflect  .     (no cloak)
rCorr  .         Harm     .     (no gloves)
MR     .....                    (no boots)
Stlth  ..........               (no amulet)
                                (no ring)
                                (no ring)

@: mighty
A: antennae 2, repulsion field 1, powered by pain 1, rot immunity
a: no special abilities


You were on level 4 of the Dungeon.
You were near starving.

You visited 1 branch of the dungeon, and saw 4 of its levels.

You collected 191 gold pieces.

Inventory:

Hand Weapons
 a - a +0 long sword (weapon)
 v - a +3 spear
Armour
 b - a +0 scale mail
 c - a +0 shield (worn)
 l - a +0 chain mail (worn)
Jewellery
 o - an uncursed ring of protection from cold {unknown}
Scrolls
 i - 2 scrolls of recharging {unknown}
 j - a scroll of magic mapping {unknown}
 k - 7 scrolls of identify {unknown}
 n - a scroll of random uselessness {unknown}
 q - 2 scrolls of fear {unknown}
 w - a scroll of enchant weapon {unknown}
Potions
 d - a potion of might
 e - a potion of mutation {unknown}
 g - 2 potions of degeneration {unknown}
 m - 2 potions of curing {unknown}
 r - a potion of heal wounds {unknown}
 t - a potion of berserk rage {unknown}
 u - 2 potions of resistance {unknown}
 z - a potion of invisibility {unknown}
Comestibles
 f - 6 bread rations
 h - 9 fruits
 p - 2 beef jerkies
 s - 2 royal jellies
 x - a meat ration
 A - a slice of pizza


   Skills:
 + Level 3.7 Fighting
 + Level 4.1 Long Blades
 + Level 3.3 Armour
 + Level 0.6 Dodging
 + Level 0.2 Stealth
 + Level 3.7 Shields


You had 5 spell levels left.
You didn't know any spells.

Dungeon Overview and Level Annotations

Branches:
Dungeon (4/15)
 Temple: D:4-7

Altars:
Cheibriados
Trog

Annotations:
D:4 Edmund


Innate Abilities, Weirdness & Mutations

You have a pair of antennae on your head.
You are surrounded by a mild repulsion field. (EV +2)
You sometimes gain a little power by taking damage.
You are immune to rotting.


Message History

Edmund hits you with a dire flail of pain!
* * * LOW HITPOINT WARNING * * *
You writhe in agony.
* * * LOW HITPOINT WARNING * * *
You hit Edmund.
Edmund is heavily wounded.
The hound bites you but does no damage. You block the hound's attack.
Edmund says, "Everyone always remembers my brother. 'Who's Edmund?' they ask!"
You block Edmund's attack.
You closely miss Edmund.
Edmund is heavily wounded.
The hound bites you but does no damage. Edmund completely misses you.
The hound bites you but does no damage.
You slash Edmund!
Edmund is severely wounded.
The hound bites you but does no damage.
Edmund hits you with a dire flail of pain.
* * * LOW HITPOINT WARNING * * *
You writhe in agony.
You die...

### ###..#
......# .
.......## ..
........## #...
.........#...##
........@......
.......@...%...
......h........
.....$....##...
..........# .
..........#
..........#
......../.#
..........#


You could see Edmund and a hound.

Vanquished Creatures
  The ghost of Pytinka the Shield-Bearer, an amateur MiFi (D:3)
  7 gnolls
  3 adders
  2 worms (D:2)
  3 dart slugs
  3 leopard geckos
  An orc (D:3)
  3 giant cockroaches
  12 goblins
  9 hobgoblins
  7 jackals
  A quokka (D:2)
  2 ball pythons (D:1)
  7 bats
  4 frilled lizards
  9 kobolds
  6 rats
80 creatures vanquished.

Notes
Turn   | Place    | Note
-------+----------+-------------------------------------------
     0 | D:1      | Peloso the Demonspawn Fighter began the quest for the Orb.
     0 | D:1      | Reached XP level 1. HP: 18/18 MP: 1/1
   132 | D:1      | Reached skill level 2 in Long Blades
   138 | D:1      | Gained mutation: You sometimes gain a little power by taking damage. [demonic ancestry]
   138 | D:1      | Reached XP level 2. HP: 14/24 MP: 2/2
   558 | D:1      | Gained mutation: You are surrounded by a mild repulsion field. (EV +2) [demonic ancestry]
   558 | D:1      | Reached XP level 3. HP: 20/29 MP: 3/3
  1226 | D:2      | Gained mutation: You have a pair of small antennae on your head. [demonic ancestry]
  1226 | D:2      | Reached XP level 4. HP: 26/35 MP: 4/4
  1304 | D:2      | Found a snail-covered altar of Cheibriados.
  1401 | D:2      | Reached skill level 3 in Long Blades
  1929 | D:3      | Gained mutation: You have a pair of antennae on your head. [demonic ancestry]
  1929 | D:3      | Reached XP level 5. HP: 26/41 MP: 5/5
  1985 | D:3      | Found a bloodstained altar of Trog.
  2202 | D:3      | Noticed Pytinka's ghost (amateur MiFi)
  2213 | D:3      | Killed Pytinka's ghost
  2213 | D:3      | Reached skill level 4 in Long Blades
  2532 | D:3      | Gained mutation: You are immune to rotting. [demonic ancestry]
  2532 | D:3      | Reached XP level 6. HP: 48/48 MP: 6/6
  2777 | D:4      | Noticed Edmund
  2790 | D:4      | HP: 1/48 [Edmund/dire flail of pain (5)]
  2790 | D:4      | Slain by Edmund

Skill      XL: |  1  2  3  4  5 |
---------------+----------------+-----
Long Blades    | 2 3 4 |  4.1
Shields        | 3 |  3.7
Armour         | 3 |  3.3
Fighting       | |  3.7
Dodging        | |  0.6
Stealth        | |  0.2

Action                   |  1- 3 |  4- 6 || total
-------------------------+-------+-------++-------
Melee: Long sword        |   159 |   126 ||   285
  Use: Scroll            |     1 |       ||     1
       Potion            |       |     2 ||     2
 Stab: Distracted        |       |     1 ||     1
  Eat: Chunk             |     1 |     3 ||     4
       Fruit             |       |     1 ||     1
Armor: Scale mail        |    46 |       ||    46
       Chain mail        |    34 |    57 ||    91
Dodge: Dodged            |    42 |    27 ||    69
Block: Shield            |   105 |    68 ||   173
       Rpst.: Long sword |    17 |     4 ||    21
